Cogmind - Beta 16 @@@ ROGUE MODE // 2025.12.07 @ 13:07:24 Player: BlobtheGreat Result: Destroyed by D-53 Grenadier with Mini Grenade Launcher Performance ------------- Evolutions (0) 0 Regions Visited (2) 400 Robots Destroyed (22) 110 Value Destroyed (225) 225 Prototype IDs (2) 40 Alien Tech Used (0) 0 Bonus (0) 0 TOTAL SCORE: 775 Bonus ------- None Cogmind --------- Core Integrity 0/250 Matter 280/300 Energy 100/100 System Corruption 0% Temperature Cool (0) Movement Treading (240) Ox1 Location -10/Mines Parts ------- > --- POWER (1) -------- (None) > --- PROPULSION (2) --- Light Treads Light Treads > --- UTILITY (2) ------ High-capacity Storage Unit Seismic Detector > --- WEAPON (2) ------- (None) > --- INVENTORY (20) --- Ion Engine Light Treads Light Treads Aluminum Leg Aluminum Leg Compact Wheel Compact Wheel Signal Interpreter Seismic Detector Transport Network Coupler Grenade Launcher Mining Claw Blade Trap Blade Trap Blade Trap Blade Trap Blade Trap Peak State ------------ > --- POWER ------------ Ion Engine > --- PROPULSION ------- Light Treads Light Treads > --- UTILITY ---------- High-capacity Storage Unit Seismic Detector > --- WEAPON ----------- Medium Laser Medium Laser > --- INVENTORY -------- Ion Engine Light Treads Aluminum Leg Aluminum Leg Compact Wheel Compact Wheel Seismic Detector Transport Network Coupler EM Pulse Gun Grenade Launcher [Rating: 8] Favorites ----------- Power Ion Engine Engine Ion Engine Propulsion Light Treads Treads Light Treads Utility Seismic Detector Device Seismic Detector Storage High-capacity Storage Unit Weapon Medium Laser Energy Gun Medium Laser Launcher Grenade Launcher Build | -11 -10 -10 ------- Run | Yrd Mat Min Slots Evolved . | . . . Power . | . . . Propulsion . | . . . Utility . | . . . Weapon . | . . . Parts Attached 12 | 8 2 2 Power 1 | 1 . . Engine 1 | 1 . . Core . | . . . Reactor . | . . . Propulsion 4 | 2 . 2 Treads 4 | 2 . 2 Leg . | . . . Wheel . | . . . Hover . | . . . Flight . | . . . Utility 3 | 2 1 . Device 1 | 1 . . Storage 2 | 1 1 . Processor . | . . . Hackware . | . . . Protection . | . . . Artifact . | . . . Weapon 4 | 3 1 . Energy Gun 3 | 3 . . Energy Cannon . | . . . Ballistic Gun . | . . . Ballistic Cannon . | . . . Launcher 1 | . 1 . Special Weapon . | . . . Impact Weapon . | . . . Slashing Weapon . | . . . Piercing Weapon . | . . . Special Melee Weapon . | . . . Unidentified Prototypes . | . . . Parts Lost 6 | . . 6 Power 1 | . . 1 Propulsion 2 | . . 2 Utility . | . . . Weapon 3 | . . 3 Highest Loss Streak 5 | . . 5 To Critical Strikes . | . . . Average Backups 11 | 4 11 14 Power . | . 1 1 Propulsion 6 | 2 6 7 Utility 2 | . 1 3 Weapon 2 | . 2 2 Tool/Special . | . . . Unused Backups 11 | . . 11 Power 1 | . . 1 Propulsion 6 | . . 6 Utility 3 | . . 3 Weapon 1 | . . 1 Tool/Special . | . . . Average Slot Usage (%) 97 | . 96 98 Engine 13 | . 14 13 Treads 27 | . 28 27 Device 14 | . 14 14 Storage 14 | . 14 14 Energy Gun 25 | . 24 27 Peak Build Rating 8 | 7 8 8 Average Rating 7 | 6 7 7 On Entrance 5 | . 7 8 Avg Prop Armor Cover (%) . | . . . Naked Turns . | . . . Heaviest Build 51 | 15 51 50 Greatest Support 40 | 40 40 40 Greatest Overweight (x) 1 | . 1 1 Average Overweight (x) . | . . 1 Largest Inventory Capacity 20 | 8 20 20 Average Capacity 18 | 7 19 20 Most Carried 19 | 7 15 19 Average Carried 13 | 4 11 17 Final Capacity 20 | 8 20 20 Final Carried 17 | 7 15 17 Class Distribution -------------------- 100% | Mutant Dominant Class ---------------- Mutant | -10/Materials Mutant | -10/Mines Resources | -11 -10 -10 ----------- Run | Yrd Mat Min Matter Collected 340 | 280 50 10 Remotely . | . . . Salvage Created 798 | 228 257 313 Parts 41 | 15 17 9 Haulers Intercepted 2 | . 2 . Recyclers Shooed 1 | . 1 . Parts Field Recycled . | . . . Retrieved Matter . | . . . Parts Self-Destructed . | . . . Prevented . | . . . Parts Restored . | . . . Kills | -11 -10 -10 ------- Run | Yrd Mat Min Combat Hostiles Destroyed 12 | . 4 8 Guns 10 | . 2 8 AOE 2 | . 2 . Classes Destroyed 7 | 3 3 1 Worker 3 | 2 1 . Tunneler 7 | 7 . . Hauler 2 | . 2 . Recycler 4 | 1 1 2 Swarmer 3 | . 3 . Grunt 3 | . 1 2 Assembled 6 | . . 6 Best Kill Streak 5 | 4 3 5 Combat Bots Only 5 | . 3 5 Max Kills in Single Turn 2 | 1 2 1 Gunslinging . | . . . Exploded 2 | . 2 . Melee . | . . . Uniques/NPCs Destroyed . | . . . Combat | -11 -10 -10 -------- Run | Yrd Mat Min Hostile Shots Fired 67 | . 19 48 Missed 17 | . 6 11 Hits 50 | . 13 37 Melee 1 | . . 1 Projectile 49 | . 13 36 AOE 18 | . . 18 Critical Strikes 2 | . . 2 Damage Taken 1064 | . 112 952 Core 254 | . 44 210 Absorbed by Shields . | . . . Core Remaining (%) 100 | 100 . . Volleys Fired 77 | 26 20 31 Largest 2 | 2 2 2 Hottest 100 | 100 100 100 Shots Fired 121 | 31 32 58 Gun 120 | 31 31 58 Cannon . | . . . Launcher 1 | . 1 . Special . | . . . Kinetic . | . . . Thermal 100 | 31 31 38 Explosive 1 | . 1 . Electromagnetic 20 | . . 20 Robot Hit Streak 15 | 15 5 13 Robot Miss Streak 6 | 3 6 3 Penetration Max . | . . . Secondary Targets 3 | . . 3 Max Gunslinging Chain 1 | . . 1 Shots Hit Robots 73 | 23 15 35 Core Hits 44 | 11 13 20 Critical Kills . | . . . Critical Parts Destroyed . | . . . Critical Strikes 10 | 6 2 2 Burn 10 | 6 2 2 Melee Attacks . | . . . Impact . | . . . Slashing . | . . . Piercing . | . . . Sneak Attacks . | . . . Combat Hostiles . | . . . Follow-up Attacks . | . . . Damage Inflicted 1116 | 297 326 493 Guns 946 | 297 187 462 Cannons . | . . . Explosions 151 | . 131 20 Melee . | . . . Ramming 19 | . 8 11 Kinetic . | . . . Thermal 821 | 297 187 337 Explosive 131 | . 131 . Electromagnetic 145 | . . 145 Impact . | . . . Slashing . | . . . Piercing . | . . . Highest Corruption . | . . . Average Corruption . | . . . Corruption Purged . | . . . Corruption Blocked . | . . . Overload Shots . | . . . Overflow Damage 5 | . 5 . Projectiles . | . . . Explosions 5 | . 5 . Melee . | . . . Knockbacks . | . . . Impact . | . . . Kinetic . | . . . Secondary . | . . . Self-Inflicted Damage . | . . . Shots . | . . . Rammed 4 | . 2 2 Targets Rammed 5 | . 3 2 Kicked . | . . . Crushed 1 | . 1 . Highest Temperature 303 | 195 156 303 Average Temperature 80 | 51 50 115 Received Heat Transfer 181 | . 18 163 Siege Activations . | . . . Martial Activations . | . . . Shielding Activations . | . . . Robots Disrupted . | . . . Combat Hostiles . | . . . Robots Corrupted . | . . . Combat Hostiles . | . . . Parts Fried . | . . . Impact Corruptions . | . . . Robots Melted . | . . . Combat Hostiles . | . . . Parts Melted 11 | 8 1 2 Heat Transferred 3158 | 1332 703 1123 Parts Sabotaged . | . . . Parts Stolen . | . . . Parts Stripped . | . . . Power Chain Reactions 1 | . . 1 Alert | -11 -10 -10 ------- Run | Yrd Mat Min Maximum Alert Level . | . . . Low Security (%) 100 | 100 100 100 Level 1 . | . . . Level 2 . | . . . Level 3 . | . . . Level 4 . | . . . Level 5 . | . . . High Security . | . . . Max Security . | . . . Peak Influence 77 | 15 77 55 Initial 3 | . 3 . Average 5 | 3 8 2 Influence Increases 250 | 50 135 65 Destroy 0b10 Robot/C 120 | . 80 40 Destroy 0b10 Robot/NC 80 | 50 20 10 Destroy Leader 24 | . 14 10 Successful Hack 14 | . 14 . Destroy Structure 12 | . 7 5 Influence Decreases 250 | 45 140 65 Entered New Map 2 | . 2 . Time Decay 209 | 45 138 26 Lost Part 39 | . . 39 Squads Dispatched 1 | . 1 . Investigation 1 | . 1 . Extermination . | . . . Reinforcement . | . . . Assault . | . . . Garrison . | . . . Intercept . | . . . Searches Triggered . | . . . Construction Impeded . | . . . Haulers Reinforced . | . . . Active Scanning Responses . | . . . Cargo Convoy Interrupts . | . . . Stealth | -11 -10 -10 --------- Run | Yrd Mat Min Distress Signals 2 | . 1 1 Communications Jammed . | . . . Distress Signals . | . . . Times Spotted 19 | . 8 11 Peak Tracking Total 4 | . 4 3 Tactical Retreats 1 | . . 1 Traps | -11 -10 -10 ------- Run | Yrd Mat Min Traps Triggered 1 | . 1 . Indirectly . | . . . Trap Hack Attempts . | . . . Triggered . | . . . Disarmed . | . . . Reprogrammed . | . . . Reused . | . . . Traps Extracted . | . . . Installed . | . . . Triggered . | . . . Most Traps Carried 5 | . . 5 Machines | -11 -10 -10 ---------- Run | Yrd Mat Min Machines Disabled . | . . . Max in Single Turn . | . . . Machines Repaired . | . . . Machines Dismantled . | . . . Machines Sabotaged . | . . . Overloaded Fab Kills . | . . . Hacking | -11 -10 -10 --------- Run | Yrd Mat Min Machines Accessed 6 | . 6 . Terminals 6 | . 6 . Fabricators . | . . . Repair Stations . | . . . Recycling Units . | . . . Scanalyzers . | . . . Garrison Access . | . . . Total Hacks 19 | . 19 . Successful 10 | . 10 . Failed 9 | . 9 . Catastrophic 1 | . 1 . Database Lockouts . | . . . Manual 17 | . 17 . Terminals 19 | . 19 . Fabricators . | . . . Repair Stations . | . . . Recycling Units . | . . . Scanalyzers . | . . . Garrison Access . | . . . Terminal Hacks 5 | . 5 . Robot Analysis 3 | . 3 . Prototype ID Bank 1 | . 1 . Zone Layout 1 | . 1 . Fabricator Hacks . | . . . Repair Station Hacks . | . . . Recycling Unit Hacks . | . . . Scanalyzer . | . . . Garrison Access Hacks . | . . . Unauthorized Hacks 5 | . 5 . Terminals 5 | . 5 . Botnet 1 | . 1 . Skim 4 | . 4 . Fabricators . | . . . Repair Stations . | . . . Recycling Units . | . . . Scanalyzers . | . . . Garrison Access . | . . . Data Cores Recovered . | . . . Used . | . . . Hacking Detections 6 | . 6 . Full Trace Events . | . . . Feedback Events . | . . . Feedback Blocked . | . . . Robot Schematics Acquired . | . . . Robots Built . | . . . Authchips . | . . . Time . | . . . Total Robot Build Rating . | . . . Part Schematics Acquired . | . . . Parts Built . | . . . Authchips . | . . . Time . | . . . Total Part Build Rating . | . . . Part Studies Acquired . | . . . Parts Repaired . | . . . Time . | . . . Parts Recycled . | . . . Recycled Matter . | . . . Retrieved Matter . | . . . Retrieved Components . | . . . Parts Scanalyzed . | . . . Part Schematics Acquired . | . . . Parts Damaged . | . . . Bothacking | -11 -10 -10 ------------ Run | Yrd Mat Min Used RIF Installer . | . . . Robots Hacked . | . . . Non-combat . | . . . Combat . | . . . Robot Hacks Applied . | . . . Relay Couplers Released . | . . . Fabnet Peak Effective % . | . . . Robots Rewired . | . . . Allies Hacked . | . . . Hacks Repelled . | . . . Allies | -11 -10 -10 -------- Run | Yrd Mat Min Total Allies . | . . . Largest Group . | . . . Highest-Rated Group . | . . . Highest-Rated Ally . | . . . Total Orders . | . . . Ally Attacks . | . . . Total Damage . | . . . Kills . | . . . Allies Corrupted . | . . . Allies Melted . | . . . Intel | -11 -10 -10 ------- Run | Yrd Mat Min Active Infowar (turns) 1983 | 152 1038 793 Seismic 1983 | 152 1038 793 Robot Analysis Total 3 | . 3 . Derelict Logs Recovered . | . . . Drone Launches . | . . . Drone Recoveries . | . . . Exploration | -11 -10 -10 ------------- Run | Yrd Mat Min Turns Passed 2063 | 232 1038 793 Spaces Moved 737 | 100 356 281 Core 3 | 3 . . Treads 734 | 97 356 281 Legs . | . . . Wheels . | . . . Hover . | . . . Flight . | . . . Fastest Speed 50 | 50 160 240 Average Speed 225 | 156 233 240 Slowest Speed 240 | 160 240 240 Overloaded Moves . | . . . Propulsion Burnouts . | . . . Robots Hopped . | . . . Potential Cave-ins . | . . . Cave-ins Triggered . | . . . Exploration Rate (%) 42 | 8 68 50 Regions Visited 2 Branch Regions 1 Pre-discovered Areas . | . . . Known Exits Taken . | . . . Unknown Exits Taken 2 | 1 1 . Scrap Searched . | . . . Spaces Dug . | . . . Terrain Destroyed 12 | . 7 5 Melee . | . . . Projectile . | . . . AOE 12 | . 7 5 Terrain Rammed . | . . . Walls Destroyed . | . . . Machines Disabled . | . . . Actions | -11 -10 -10 --------- Run | Yrd Mat Min Total 1007 | 140 528 339 Wait 153 | . 136 17 Move 735 | 99 355 281 Hop . | . . . Pick Up 20 | 7 8 5 Fast Attach 7 | 7 . . Attach 4 | . 1 3 Detach 1 | . 1 . Swap 4 | 1 3 . Drop 1 | . 1 . Fire 77 | 26 20 31 Melee . | . . . Ram . | . . . Kick . | . . . Crush 5 | . 3 2 Escape Stasis . | . . . Rewire . | . . . Trap . | . . . Miscellaneous . | . . . Route ------- -11/Scrapyard -10/Materials (discovered 2 exits: [*Mat] / [*Min]) -10/Mines (discovered 1 exit: [*Mat]) History --------- Turn | Location | Event 34 | -11/Scrapyard | Discovered new exit (range 16) 233 | -11/Scrapyard | Entered Materials 302 | -10/Materials | Build established: Mutant 523 | -10/Materials | Discovered new exit (range 16) 954 | -10/Materials | Discovered new exit (range 12) 1271 | -10/Materials | Entered Mines 1334 | -10/Mines | Discovered new exit (range 9) 1344 | -10/Mines | Assembled infested the area 1536 | -10/Mines | Found a hidden stash of uninstalled traps 2048 | -10/Mines | Core integrity fell below 50% 2052 | -10/Mines | Core integrity fell below 20% 2064 | -10/Mines | Destroyed by D-53 Grenadier with Mini Grenade Launcher Last Messages --------------- 01994_ Switching to secondary target: G-34 Mercenary. 02006_ Chain reaction triggered in Ion Engine. 02006_ Aluminum Leg melted. 02006_ Sml. Laser melted. 02006_ G-34 Mercenary destroyed. 02039_ Ion Engine destroyed. 02039_ EM Pulse Gun destroyed. 02039_ T-07 Excavator destroyed. 02041_ K-01 Serf collects debris. 02044_ The unstable cave ceiling collapses. 02047_ Lgt. Treads destroyed. 02048_ The unstable cave ceiling collapses. 02049_ Med. Laser destroyed. 02049_ Lgt. Treads destroyed. 02049_ K-01 Serf destroyed. 02051_ The unstable cave ceiling collapses. 02051_ D-53 Grenadier destroyed. 02052_ The unstable cave ceiling collapses. 02064_ K-01 Serf collects debris. Map ----- +----------------------------------------------------+ | ???????????????????????????????# ### | | ???????????????????????????????# # | | ???????????????????????????????# | | ??????????????????????????????# ### | | ??????????????????????????????# #?## | | ??????????????????????????????# ### # | | ??????????????????????????????# ### ## | | ??????????????????????????????# #?# | | ?????????????????????#####????## #?## | | ????????????????????## ##????###??# | | ???????????????????## ###???????# ### | | ???????????????????# ##??????# # | | ???????????????????# ###????## % # | | ???????????????????# ##????# # | | ???????????????????## ### #????### % | | ????????????????????###??## #?????### | | ????????????????????????#### ##??????# | | ?????????????????????#####"" ###????# | | ?????????????????##??# %[%* ##??##= | | ???????????????### ### #""= !!=####%* # | | ???????????????# # ### !%= ##=!! ## | | ???????????????# #?# **= ##? | | ??????????????## # ### ##? | | ??????????????# ##### % ## | | ???????????????# k #???## # | | ???????????????# # @ #????### = | | ?????????# #??????### # % | | ?????????#### ## #????????# # ! | | ???????????????## d ##??###??## ## | | ????????????????## ##??## ### ### | | ?????????????????## ###???# #?## | | ??????????????????# #?????## ##??#### | | ??????????????????# #??????#### ##??????? | | ??????????????????# ?????????## ##??????? | | ??????????????????# ??????????# ######## | | ??????????????????## ??????????# % # | | ???????????????????? ??????????# # | | ???????????????????? ??????????# | | ???????????????????? ??????????# ### ## | | ???????????????????? ??????????# ##?####? | | ???????????????????? ??????????# #??????? | | ????????????????????????????????## ##??????? | | ?????????????????????????????????####???????? | | ????????????????????????????????????????????? | | ????????????????????????????????????????????? | | ????????????????????????????????????????????? | | ????????????????????????????????????????????? | | ????????????????????????????????????????????? | | ????????????????????????????????????????????? | | ????????????????????????????????????????????? | +----------------------------------------------------+ Best States ------------- Heat Dissipation 25 Energy Generation 10 Energy Capacity 250 Matter Stores 300 Matter Capacity 300 Sight Range 16 Terrain Scan Density 10 Evasion (%) 40 Recoil Reduction 2 Item Schematics ----------------- None Robot Schematics ------------------ None Fabricated ------------ Nothing Repaired ---------- Nothing Studied --------- None Alien Tech Used ----------------- None Achievements -------------- None Challenges ------------ None Game ------ Seed ArmorShadingDrive Manual? 0 Play Time 00:09:57 Cumulative 208.9 hours Start 2025.12.07 @ 12:59:26 End 2025.12.07 @ 13:07:24 Sessions 1 Manual Loads 0 Difficulty Rogue Special Mode None Game No. 195 Rogue 195 Adventurer 0 Explorer 0 Win Type - Total 10 Types 7/0/2/0/0/0/0/0/0/1 Lore% 84 Gallery% 73 Achievement% 59 Wizard Run 0 Options --------- Layout 1 ASCII 0 Keyboard 1 Movement Arrows Keybinds 0 Fullscreen 1 Font 24/Smallcaps Map View 50x40 Zoom Use 0% Tactical HUD 1 Map Filters NONE Filters NONE Steam 1 RUN: fd35d21a-e90f-4c36-983a-f81592ec67fd